 Dungeon Crawl Stone Soup version 0.25.0-15-gac7dcb8919 (webtiles) character file.

Game seed: 7759126821191642567

1739 grindst0ne the Chopper (level 8, -3/69 HPs)
             Began as a Demigod Gladiator on June 29, 2020.
             Slain by a hornet (14 damage)
             ... while paralysed by a hornet
             ... on level 7 of the Dungeon.
             The game lasted 00:09:35 (6423 turns).

grindst0ne the Chopper (Demigod Gladiator)          Turns: 6423, Time: 00:09:36

Health: -3/69      AC:  7    Str: 17    XL:     8   Next: 48%
Magic:  12/12      EV:  2    Int: 16    God:
Gold:   207        SH:  0    Dex: 23    Spells: 7/9 levels left

rFire    . . .     SeeInvis .   b - +2 dagger (venom)
rCold    . . .     Gourm    .   (no shield)
rNeg     . . .     Faith    .   t - +0 ring mail
rPois    .         Spirit   .   c - +0 helmet
rElec    .         Reflect  .   (no cloak)
rCorr    .         Harm     .   q - +0 pair of gloves (curse)
MR       .....                  (no boots)
Stlth    +.........             (no amulet)
HPRegen  0.21/turn              r - +6 ring of dexterity
MPRegen  0.13/turn              (no ring)

@: paralysed, lethally poisoned (-3 -> -15), slowed
A: high mp 1
a: no special abilities


You were on level 7 of the Dungeon.
You were not hungry.

You visited 1 branch of the dungeon, and saw 7 of its levels.

You collected 207 gold pieces.

Inventory:

Hand Weapons
 a - a +0 war axe of flaming
 b - a +2 dagger of venom (weapon)
Missiles
 v - 12 boomerangs (quivered)
 D - 10 poisoned darts
Armour
 c - a +0 helmet (worn)
 p - a +0 plate armour
 q - a cursed +0 pair of gloves (worn)
 t - a +0 ring mail (worn)
Jewellery
 r - a +6 ring of dexterity (left hand)
Wands
 d - a wand of random effects (13)
 m - a wand of iceblast (7)
 o - a wand of polymorph (10)
 B - a wand of flame (20)
Scrolls
 e - 3 scrolls of teleportation
 h - a scroll of amnesia
 j - 7 scrolls of remove curse {unknown}
 u - a scroll of fear
 x - a scroll of enchant weapon
 y - a scroll of immolation {unknown}
 C - a scroll of enchant armour
 E - a scroll of magic mapping {unknown}
 F - 2 scrolls of identify
Potions
 i - a potion of heal wounds
 k - a potion of curing {unknown}
 l - 2 potions of might
 n - 2 potions of resistance {unknown}
 s - a potion of stabbing {unknown}
 w - 2 potions of cancellation {unknown}
 z - a potion of invisibility {unknown}
 A - 2 potions of brilliance {unknown}
Comestibles
 f - 13 rations


   Skills:
 + Level 5.4 Fighting
 + Level 5.9 Axes
 + Level 5.4 Throwing
 - Level 2.6 Dodging
 - Level 1.0 Spellcasting
 + Level 4.5 Translocations


You had 7 spell levels left.
You knew the following spells:

 Your Spells              Type           Power        Failure   Level  Hunger
a - Blink                 Tloc           N/A          10%         2    ###....

Your spell library contained the following spells:

 Spells                   Type           Power        Failure   Level  Hunger
 Apportation              Tloc           ###...       7%          1    ##.....
 Animate Skeleton         Necr           N/A          38%         1    ##.....
 Corona                   Hex            #......      38%         1    ##.....
 Magic Dart               Conj           #...         38%         1    ##.....
 Summon Small Mammal      Summ           #...         38%         1    ##.....
 Call Imp                 Summ           #.......     54%         2    ###....
 Slow                     Hex            #.......     54%         2    ###....
 Conjure Flame            Conj/Fire      #.......     77%         3    ####...
 Mephitic Cloud           Conj/Pois/Air  #.......     77%         3    ####...


Dungeon Overview and Level Annotations

Branches:
Dungeon (7/15)             Temple (0/1) D:6

Shops:
D:4 (

Annotations:
D:6 1 runed translucent door, IHuginn's ghost, novice BaFi


Innate Abilities, Weirdness & Mutations

You have an increased reservoir of magic. (+10% MP)


Message History

The phantom blinks!
You hit the hornet but do no damage.
The hornet is poisoned.
You feel sick.
The hornet stings you but does no damage.
The hornet misses you.
You hit the hornet but do no damage.
The hornet looks even sicker.
The hornet is lightly wounded.
The hornet stings you.
* * * LOW HITPOINT WARNING * * *
You are more poisoned.
You suddenly lose the ability to move!
The hornet stings you.
* * * LOW HITPOINT WARNING * * *
You feel as though you will be slow longer.
The hornet stings you but does no damage.
You feel sick.
The hornet stings you but does no damage.
You feel sick. The hornet stings you.
* * * LOW HITPOINT WARNING * * *
You feel as though you will be slow longer.
The hornet stings you!
You die...

......# ..# . .......
..###....#
.......##...#....#
.....#....#....### .
#.#............. #..
...#...#WZ..##....######.#
.....(h.#g#.##......#.....
...W...F#y#.##.........#..
###.....#@#..#..<...#..#..
#..(..#.##.#.........#..
#.....#..............#..
#.....#####..#......##.)
#.....# #.......####).
#.....#####)##.##.#.....
#.....#......#..#.#.###)
#......#..#.#.# #(
#.........#.#.###.


You could see a phantom, a hornet (very poisoned), a gnoll and a hound zombie.

Vanquished Creatures
  Sigmund (D:5)
  An ice beast (D:5)
  2 sky beasts
  2 ogres
  A centaur (D:7)
  A big kobold (D:7)
  2 bullfrogs
  A water moccasin skeleton (D:7)
  3 howler monkeys
  A crimson imp (D:5)
  A centaur zombie (D:6)
  A centaur skeleton (D:4)
  A hound (D:7)
  2 orc wizards (D:6)
  3 orc priests
  3 iguanas
  Terence (D:3)
  3 worker ants
  A howler monkey zombie (D:6)
  4 gnolls (D:7)
  4 adders
  An ooze (D:3)
  3 adder skeletons
  6 worms
  A dart slug (D:3)
  4 leopard geckos
  15 orcs
  A ball python (D:2)
  3 giant cockroaches
  14 goblins
  9 hobgoblins
  10 jackals
  8 kobolds
  11 bats
  6 frilled lizards
  A quokka zombie (D:6)
  14 rats
146 creatures vanquished.

Notes
Turn   | Place    | Note
-------+----------+-------------------------------------------
     0 | D:1      | grindst0ne the Demigod Gladiator began the quest for the
                  | Orb.
     0 | D:1      | Reached XP level 1. HP: 17/17 MP: 3/3
   179 | D:1      | Reached XP level 2. HP: 22/24 MP: 4/4
   924 | D:2      | Reached XP level 3. HP: 26/30 MP: 5/5
  1081 | D:2      | Noticed a moth of wrath
  1084 | D:2      | Found a bloodstained altar of Trog.
  1733 | D:3      | Reached XP level 4. HP: 22/37 MP: 6/6
  1763 | D:3      | Learned a level 2 spell: Blink
  1911 | D:3      | Found a basalt altar of Yredelemnul.
  2579 | D:3      | Noticed an ogre
  2645 | D:3      | Killed an ogre
  2645 | D:3      | Reached skill level 1 in Spellcasting
  2645 | D:3      | Reached skill level 1 in Translocations
  2645 | D:3      | Reached XP level 5. HP: 14/45 MP: 7/9
  2891 | D:3      | Noticed Terence
  2902 | D:3      | Killed Terence
  3188 | D:4      | Noticed an ogre
  3201 | D:4      | Killed an ogre
  3201 | D:4      | Reached XP level 6. HP: 21/51 MP: 10/10
  3724 | D:4      | Found Eptoemax's Antique Weapon Shop.
  4076 | D:5      | Entered Level 5 of the Dungeon
  4193 | D:5      | Noticed Sigmund
  4212 | D:5      | Killed Sigmund
  4212 | D:5      | Reached XP level 7. HP: 29/59 MP: 11/11
  4403 | D:5      | Found a shattered altar of Ashenzari.
  5198 | D:6      | Reached skill level 5 in Axes
  5607 | D:6      | Found a runed translucent door.
  5612 | D:6      | Noticed IHuginn's ghost (novice BaFi)
  5837 | D:6      | Found a staircase to the Ecumenical Temple.
  5964 | D:6      | Reached XP level 8. HP: 67/67 MP: 12/12
  6043 | D:7      | Reached skill level 5 in Fighting
  6043 | D:7      | Reached skill level 5 in Throwing
  6403 | D:7      | Noticed a hornet
  6421 | D:7      | Paralysed by a hornet for 3 turns
  6423 | D:7      | Slain by a hornet

Illustrated notes

Levels and vault maps discovered:
D:1:      minmay_arrival_diagonal_passages, layout_basic
D:2:      minmay_evil_eye, layout_loops_cross, tgw_trog
D:3:      layout_basic, yredelemnul_altar_generic, first_ration,
          minmay_ogre_servants, uniq_terence
D:4:      layout_cave_pools, serial_shops, shop
D:5:      layout_rooms, basic_altar, grunt_ministairs_7, uniq_sigmund
D:6:      layout_rooms, minmay_temple_entry_hall, ebering_ghost_sewer_d,
          chequers_serial_rivers_small_b, minmay_misc_feat_ornament,
          minmay_misc_feat_rows, st_stairs_5
D:7:      layout_basic

Skill      XL: |  1  2  3  4  5  6  7  8 |
---------------+-------------------------+-----
Fighting       | 2 3 4 5 |  5.4
Throwing       | 2 3 4 5 |  5.4
Axes           | 3 4 5 |  5.9
Spellcasting   | 1 |  1.0
Translocations | 1 2 3 4 |  4.5
Dodging        | |  2.6

Action                   |  1- 3 |  4- 6 |  7- 9 || total
-------------------------+-------+-------+-------++-------
Melee: War axe           |    30 |    38 |    31 ||    99
       Dagger            |   104 |   133 |   170 ||   407
Throw: Throwing net      |       |     4 |       ||     4
       Dart              |       |       |    11 ||    11
       Boomerang         |       |       |     1 ||     1
 Cast: Blink             |       |       |     1 ||     1
  Use: Scroll            |       |     6 |     1 ||     7
       Potion            |       |     2 |       ||     2
 Stab: Sleeping          |     1 |     1 |       ||     2
  Eat: Chunk             |     3 |     8 |     7 ||    18
Armor: Leather armour    |    36 |    18 |       ||    54
       Ring mail         |       |    35 |    61 ||    96
Dodge: Dodged            |   120 |   112 |    99 ||   331
